 Dungeon Crawl Stone Soup version 0.18.1-48-g4cf74bf (webtiles) character file.

24318 Galewin the Severer (level 12, -10/109 (110) HPs)
             Began as a Minotaur Berserker on Aug 23, 2016.
             Was a High Priest of Trog.
             Mangled by an orc knight
             ... wielding a +0 war axe
              (17 damage)
             ... on level 13 of the Dungeon.
             The game lasted 00:30:37 (9049 turns).

Galewin the Severer (Minotaur Berserker)            Turns: 9049, Time: 00:30:40

HP:   -10/109 (110) AC: 21    Str: 29    XL:     12   Next: 79%
MP:   11/11         EV:  9    Int:  4    God:    Trog [*****.]
Gold: 445           SH:  0    Dex: 11    Spells: 0 memorised, 11 levels left

rFire  . . .     SeeInvis .     p - +3 battleaxe
rCold  . . .     Gourm    +     l - +0 plate armour
rNeg   . . .     Faith    .     (shield currently unavailable)
rPois  .         Spirit   .     (helmet restricted)
rElec  .         Dismiss  .     G - +1 cloak of Qazlal's Hope {Regen+ Str+3}
rCorr  .         Reflect  .     x - +0 pair of gloves
SustAt .         Harm     .     F - +0 pair of boots
MR     .....                    M - amulet of the gourmand
Stlth  ..........               (no ring)
                                (no ring)

@: exhausted, marked, slowed, very slow, not resistant to hostile enchantments,
extremely unstealthy
A: retaliatory headbutt, horns 2
a: Berserk, Trog's Hand, Brothers in Arms, Burn Spellbooks, Renounce Religion


You were on level 13 of the Dungeon.
You worshipped Trog.
Trog was extremely pleased with you.
You were not hungry.

You visited 1 branch of the dungeon, and saw 13 of its levels.

You collected 806 gold pieces.
You spent 361 gold pieces at shops.

Inventory:

Hand Weapons
 p - a +3 battleaxe (weapon)
Armour
 l - a +0 plate armour (worn)
 x - a +0 pair of gloves (worn)
 F - a +0 pair of boots (worn)
 G - the +1 cloak of Qazlal's Hope (worn) {Regen+ Str+3}
   (You bought it in a shop on level 8 of the Dungeon)

   It affects your strength (+3).
   It increases your rate of regeneration.
Jewellery
 g - a +2 amulet of reflection
 o - an uncursed ring of flight
 s - an uncursed ring of fire {unknown}
 B - an uncursed ring of stealth {unknown}
 C - an uncursed ring of ice {unknown}
 K - an uncursed ring of positive energy {unknown}
 M - an amulet of the gourmand (around neck)
 O - an uncursed ring of fire {unknown}
 P - a +5 ring of intelligence {unknown}
 Q - a +3 ring of evasion {unknown}
Wands
 f - a wand of enslavement (18/24)
 u - a wand of lightning (5/15)
 y - a wand of iceblast (7/15)
 N - a wand of flame (31/48)
 R - a wand of random effects (13/48)
Scrolls
 a - 4 scrolls of remove curse
 b - a scroll of recharging {unknown}
 j - 3 scrolls of immolation {unknown}
 m - a scroll of teleportation {unknown}
 r - a scroll of identify
 t - a scroll of holy word {unknown}
 v - 3 scrolls of fog {unknown}
 A - a scroll of noise {unknown}
 D - a scroll of random uselessness {unknown}
 I - a scroll of enchant weapon {unknown}
 L - a scroll of enchant armour {unknown}
Potions
 e - 3 potions of flight
 h - 3 potions of ambrosia {unknown}
 i - 2 potions of brilliance {unknown}
 k - a potion of cure mutation {unknown}
 n - a potion of agility {unknown}
 q - 9 potions of curing
 w - 2 potions of mutation {unknown}
 z - a potion of might
 E - a potion of invisibility {unknown}
 H - a potion of berserk rage {unknown}
 S - a potion of haste
 T - 9 potions of degeneration
 U - a potion of magic {unknown}
 V - a potion of heal wounds
Comestibles
 c - 8 bread rations
 d - 13 beef jerkies
 J - 8 slices of pizza
 W - a meat ration
 X - 3 fruits
 Y - 2 chunks of flesh


   Skills:
 + Level 11.6 Fighting
 * Level 18.9 Axes
 + Level 11.9 Armour
 - Level 2.1 Dodging


You had 11 spell levels left.
You didn't know any spells.

Dungeon Overview and Level Annotations

Branches:
Dungeon (13/15)            Temple (0/1) D:5            Lair (0/8) D:11
    Orc (0/2) D:11
 Vaults: D:13-14

Altars:
Ashenzari
Cheibriados
Dithmenos
Fedhas
Gozag
Makhleb
Nemelex Xobeh
Okawaru
Ru
Trog
Vehumet
Yredelemnul

Shops:
D:2 *   D:5 *   D:8 [   D:12 !

Portals:
Ice
Cave: D:12

Annotations:
D:12 exclusion: ice statue


Innate Abilities, Weirdness & Mutations

You reflexively headbutt those who attack you in melee.
You have a pair of horns on your head.


Message History

You kill the orc!
Trog accepts your kill.
The orc warrior hits you from afar with a trident!
* * * LOW HITPOINT WARNING * * *
The centaur warrior shoots an arrow.
The arrow hits you.
* * * LOW HITPOINT WARNING * * *
An orc comes into view. It is wielding a hand axe.
You see here an ugly thing corpse.
You closely miss the orc knight. Your headbutt misses the orc knight.
You are no longer berserk.
You are exhausted.
You feel yourself slow down.
Your deep troll goes berserk!
You feel somewhat more hungry.
The centaur warrior shoots an arrow.
The arrow barely misses you.
The orc warrior hits you from afar with a glaive!
* * * LOW HITPOINT WARNING * * *
The orc warrior barely misses you.
The centaur warrior shoots an arrow.
The arrow hits you but does no damage. The orc knight hits you with a war axe!
You die...

######### #<#.....#
§#######.#.....#
......o..#)....#####
§.......ooT.........
.######..o.(.......
#.##o@)..###
#.##..())#
#.##...)(#
..##..())###.#
#####.(....c.#
#(######## #c# #p#
#(#


You could see a vault guard, an orc knight, a centaur warrior, 2 orc warriors, 2
orcs and a friendly deep troll (berserk).

Vanquished Creatures
  A vault guard (D:13)
  Josephine (D:13)
  A hydra (D:13)
  2 centaur warriors (D:13)
  A hill giant (D:11)
  Pikel (D:5)
  2 cyclopes
  3 ugly things
  2 centaur zombies
  A vault sentinel (D:13)
  4 kobold demonologists
  A komodo dragon (D:11)
  6 trolls
  Prince Ribbit (D:6)
  A two-headed ogre (D:13)
  2 wyverns (D:12)
  Eustachio (D:4)
  2 wraiths (D:13)
  13 yaks
  A human (D:9)
  2 hogs (D:9)
  A hungry ghost (D:7)
  A hippogriff (D:7)
  A vampire mosquito (D:13)
  A soldier ant (D:13)
  An ice beast (D:7)
  6 orc warriors
  A swamp drake (D:11)
  4 sky beasts
  A slave (D:5)
  2 black bears (D:9)
  4 phantoms
  8 ogres
  2 necrophages
  17 centaurs
  5 big kobolds
  5 giant frogs
  2 wyvern zombies
  7 scorpions
  6 killer bees
  17 wights
  5 howler monkeys
  5 crimson imps
  A quasit (D:8)
  2 giant frog zombies
  6 jellies
  2 hounds
  11 orc wizards
  4 orc priests
  4 giant frog skeletons
  6 iguanas
  10 worker ants
  2 sheep (D:9)
  A hound skeleton (D:4)
  8 gnolls
  A howler monkey skeleton (D:9)
  13 adders
  3 shadow imps
  An adder skeleton (D:4)
  4 worms
  A dart slug (D:1)
  7 giant geckos
  34 orcs
  6 giant cockroaches
  8 goblins
  8 hobgoblins
  6 jackals
  4 quokkas
  A ball python (D:5)
  9 bats
  A giant cockroach zombie (D:5)
  A giant gecko skeleton (D:4)
  4 giant newts (D:1)
  18 kobolds
  A quokka zombie (D:7)
  12 rats
351 creatures vanquished.

Vanquished Creatures (collateral kills)
  A vault guard (D:13)
  A hydra (D:12)
  The ghost of MTVSty1e the Fighter, a journeyman GrFi of Okawaru (D:12)
  A centaur warrior (D:13)
  Sonja (D:12)
  A hill giant (D:13)
  A gargoyle (D:13)
  A troll (D:13)
  A shadow (D:13)
  2 wraiths (D:13)
  A hippogriff (D:13)
  2 big kobolds (D:12)
  3 killer bees (D:7)
  2 wights (D:7)
  A crimson imp (D:13)
  4 hounds
  2 worker ants (D:13)
  A quokka (D:12)
  2 kobolds (D:12)
29 creatures vanquished.

Vanquished Creatures (others)
  6 plants (D:11)
6 creatures vanquished.

Grand Total: 386 creatures vanquished

Notes
Turn   | Place    | Note
--------------------------------------------------------------
     0 | D:1      | Galewin the Minotaur Berserker began the quest for the Orb.
     0 | D:1      | Reached XP level 1. HP: 19/19 MP: 0/0
   101 | D:1      | Reached skill level 4 in Axes
   130 | D:1      | Reached XP level 2. HP: 24/26 MP: 1/1
   330 | D:1      | Reached skill level 5 in Axes
   377 | D:1      | Reached ** piety under Trog
   377 | D:1      | Reached XP level 3. HP: 30/31 MP: 2/2
   689 | D:2      | Found an opulent altar of Gozag.
   692 | D:2      | Found Gozag's Platinum Reserve.
   761 | D:2      | Reached XP level 4. HP: 35/39 MP: 3/3
   904 | D:2      | Reached skill level 6 in Axes
   988 | D:2      | Found a sacrificial altar of Ru.
  1048 | D:2      | Found a burning altar of Makhleb.
  1048 | D:2      | Found a radiant altar of Vehumet.
  1184 | D:2      | Reached *** piety under Trog
  1446 | D:3      | Found a sparkling altar of Nemelex Xobeh.
  1493 | D:3      | Received a gift from Trog
  1545 | D:3      | Reached XP level 5. HP: 44/45 MP: 4/4
  1616 | D:3      | Reached skill level 7 in Axes
  1710 | D:3      | Found a shadowy altar of Dithmenos.
  1867 | D:4      | Reached XP level 6. HP: 51/51 MP: 5/5
  1904 | D:4      | Noticed Eustachio
  1905 | D:4      | Found a sparkling altar of Nemelex Xobeh.
  1909 | D:4      | Killed Eustachio
  1909 | D:4      | Reached skill level 8 in Axes
  2067 | D:4      | Reached skill level 5 in Armour
  2086 | D:4      | Found a shattered altar of Ashenzari.
  2201 | D:4      | Reached XP level 7. HP: 54/57 MP: 6/6
  2391 | D:5      | Entered Level 5 of the Dungeon
  2462 | D:5      | Reached skill level 9 in Axes
  2549 | D:5      | Reached **** piety under Trog
  2584 | D:5      | Noticed Pikel
  2599 | D:5      | Killed Pikel
  2599 | D:5      | Reached skill level 10 in Axes
  2599 | D:5      | Reached XP level 8. HP: 42/64 MP: 7/7
  2624 | D:5      | Found Wol Itos's Assorted Antiques.
  3039 | D:5      | Reached skill level 11 in Axes
  3188 | D:5      | Found a basalt altar of Yredelemnul.
  3234 | D:5      | Found a staircase to the Ecumenical Temple.
  3643 | D:6      | Reached XP level 9. HP: 65/70 MP: 8/8
  3940 | D:6      | Reached skill level 12 in Axes
  4064 | D:6      | Found a snail-covered altar of Cheibriados.
  4067 | D:6      | Noticed Prince Ribbit
  4072 | D:6      | Killed Prince Ribbit
  4267 | D:7      | Reached skill level 13 in Axes
  4900 | D:7      | Reached skill level 5 in Fighting
  5408 | D:8      | Reached XP level 10. HP: 81/81 MP: 9/9
  5432 | D:8      | Reached skill level 14 in Axes
  5626 | D:8      | Found a blossoming altar of Fedhas.
  5796 | D:8      | Found Dobai's Armour Boutique.
  5799 | D:8      | Bought a +0 pair of boots for 45 gold pieces
  5799 | D:8      | Bought the +1 cloak of Qazlal's Hope {Regen+ Str+3} for 228 gold pieces
  5957 | D:9      | Found an iron altar of Okawaru.
  6117 | D:9      | Noticed a cyclops
  6136 | D:9      | Killed a cyclops
  6136 | D:9      | Reached ***** piety under Trog
  6136 | D:9      | Reached skill level 15 in Axes
  6176 | D:9      | Found a bloodstained altar of Trog.
  6467 | D:10     | Entered Level 10 of the Dungeon
  6751 | D:10     | Reached XP level 11. HP: 91/95 MP: 10/10
  6911 | D:10     | Reached skill level 16 in Axes
  7482 | D:11     | Noticed a hill giant
  7490 | D:11     | Killed a hill giant
  7497 | D:11     | Noticed a red ugly thing
  7513 | D:11     | Killed a red ugly thing
  7581 | D:11     | Noticed a sun demon
  7586 | D:11     | Reached ****** piety under Trog
  7609 | D:11     | Reached skill level 17 in Axes
  7615 | D:11     | Reached skill level 10 in Armour
  7699 | D:11     | Found a staircase to the Orcish Mines.
  7700 | D:11     | Received a gift from Trog
  7852 | D:11     | Found a staircase to the Lair.
  8038 | D:11     | Reached skill level 10 in Fighting
  8365 | D:12     | Noticed Sonja
  8375 | D:12     | Noticed a four-headed hydra
  8388 | D:12     | Killed a six-headed hydra
  8391 | D:12     | Killed Sonja
  8391 | D:12     | Reached XP level 12. HP: 80/105 MP: 11/11
  8393 | D:12     | Noticed MTVSty1e's ghost (journeyman GrFi)
  8400 | D:12     | Killed MTVSty1e's ghost
  8514 | D:12     | Found Fuyzujih's Distillery.
  8520 | D:12     | Bought a potion of heal wounds for 55 gold pieces
  8520 | D:12     | Bought a potion of curing for 33 gold pieces
  8812 | D:12     | Found a frozen archway.
  8948 | D:13     | Noticed Josephine
  8948 | D:13     | Noticed a six-headed hydra
  8957 | D:13     | Noticed a centaur warrior
  8958 | D:13     | Killed a nine-headed hydra
  8958 | D:13     | Reached skill level 18 in Axes
  8971 | D:13     | Killed Josephine
  8973 | D:13     | Killed a centaur warrior
  8975 | D:13     | Noticed a vault guard
  8981 | D:13     | Killed a vault guard
  8984 | D:13     | Noticed a centaur warrior
  8994 | D:13     | Killed a centaur warrior
  9019 | D:13     | Noticed a vault guard
  9021 | D:13     | Noticed a centaur warrior
  9033 | D:13     | Killed a centaur warrior
  9039 | D:13     | Killed a vault guard
  9041 | D:13     | Noticed a centaur warrior
  9044 | D:13     | Noticed a vault guard
  9049 | D:13     | Mangled by an orc knight

Skill      XL: |  1  2  3  4  5  6  7  8  9 10 11 12 |
---------------+-------------------------------------+-----
Axes           | 4 5 6 7 8 10 11 13 15 17 18 | 18.9
Armour         | 3 4 5 7 8 9 10 11 | 11.9
Fighting       | 5 8 10 11 | 11.6
Dodging        | |  2.1

Action                   |  1- 3 |  4- 6 |  7- 9 | 10-12 || total
-------------------------+-------+-------+-------+-------++-------
Melee: Hand axe          |    84 |   141 |    15 |       ||   240
       Headbutt          |     7 |    22 |    45 |   104 ||   178
       War axe           |       |       |   129 |       ||   129
       Battleaxe         |       |       |   111 |   426 ||   537
Invok: Berserk           |     1 |     2 |     8 |    10 ||    21
       Brothers in Arms  |       |       |     2 |     4 ||     6
       Trog's Hand       |       |       |     1 |     1 ||     2
       Burn Spellbooks   |       |       |       |     2 ||     2
  Use: Scroll            |       |     3 |     4 |     1 ||     8
 Stab: Distracted        |       |       |       |     1 ||     1
  Eat: Chunk             |       |     3 |     6 |    18 ||    27
       Meat ration       |       |     2 |     2 |     1 ||     5
       Beef jerky        |       |       |       |     1 ||     1
       Fruit             |       |       |       |     3 ||     3
Armor: Animal skin       |    18 |       |       |       ||    18
       Plate armour      |     4 |    68 |   151 |   311 ||   534
Dodge: Dodged            |    64 |    52 |    89 |   185 ||   390
